 Dungeon Crawl Stone Soup version 0.29-a0-824-gd827844252 (webtiles) character file.

Game seed: 2828202237678040976

36 mattiecakes the Poker (level 3, 0/21 (31) HPs)
             Began as a Meteoran Cinder Acolyte on July 10, 2022.
             Was a High Priest of Ignis.
             Frozen to death by an endoplasm (3 damage)
             ... on level 1 of the Dungeon.
             The game lasted 00:01:10 (647 turns).

mattiecakes the Poker (Meteoran Cinder Acolyte)      Turns: 647, Time: 00:01:11

HP:   0/21 (31)     AC:  2    Str: 17    XL:     3   Next: 82%
MP:   6/6           EV: 11    Int: 16    God:    Ignis [*****.]
Gold: 34            SH:  0    Dex:  9    Spells: 4/4 levels left

rFire   + . .      SeeInvis .   a - -1 spear (flame)
rCold   . . .      Faith    .   (no shield)
rNeg    . . .      Spirit   .   b - +0 robe
rPois   .          Reflect  .   (no helmet)
rElec   .          Harm     .   (no cloak)
rCorr   .          Rampage  .   (no gloves)
Will    .....                   (no boots)
Stlth   +.........              c - amulet of regeneration
HPRegen 0.87/turn               (no ring)
MPRegen 0.10/turn               (no ring)

@: glowing, very heavily drained
A: sense surroundings 1, otherworldly, glowing, explore regen
a: Renounce Religion, Fiery Armour, Foxfire Swarm, Rising Flame


You were on level 1 of the Dungeon.
You worshipped Ignis.
Ignis was extremely pleased with you.
You visited 1 branch of the dungeon, and saw 1 of its levels.

You collected 34 gold pieces.

Inventory:

Hand Weapons
 a - a -1 spear of flaming (weapon)
Armour
 b - a +0 robe (worn)
Jewellery
 c - an amulet of regeneration (around neck)
Scrolls
 d - 2 scrolls of identify {unknown}
 e - a scroll of summoning {unknown}
 h - a scroll of blinking {unknown}
Potions
 f - a potion of brilliance {unknown}
 g - a potion of curing {unknown}


   Skills:
 - Level 3.2 Fighting
 + Level 5.3 Polearms
 - Level 1.3 Spellcasting
 - Level 3.6 Fire Magic


You had 4 spell levels left.
You didn't know any spells.
Your spell library contained the following spells:

 Spells                   Type           Power      Damage    Failure   Level
 Scorch                   Fire           24%        2d6       8%          2


Dungeon Overview and Level Annotations

Branches:
Dungeon (1/15) Zot: 157

Altars:


Innate Abilities, Weirdness & Mutations

You passively map a small area around you.
You are easily found by Zot.
You glow in the dark.
You regain HP and MP as you explore.


Message History

You hit the bat but do no damage. The bat hits you.
The bat hits you but does no damage.
An endoplasm comes into view.
The dart slug launches a dart at you. The slug dart hits you.
You reach to attack!
You hit the bat. You burn the bat.
You kill the bat!
You reach to attack!
You closely miss the goblin. The dart slug launches a dart at you.
The slug dart hits you. The dart slug launches a dart at you.
The slug dart hits you. The goblin attacks as you move away!
The goblin hits you but does no damage. The dart slug launches a dart at you.
The slug dart hits you.
* * * LOW HITPOINT WARNING * * *
The goblin closely misses you.
Things that are here:
a +0 short sword; a scroll labelled HUWOLOSIMIO; a kobold corpse The dart slug launches a dart at you.
The slug dart misses you.
You hit the goblin. You burn the goblin.
You kill the goblin!
You see here a +0 club.
You hit the endoplasm but do no damage. The endoplasm freezes you.
You are frozen.
The endoplasm attacks as you move away! The endoplasm hits you.
* * * LOW HITPOINT WARNING * * *
You hit the endoplasm. You burn the endoplasm.
The endoplasm is severely wounded.
The endoplasm freezes you.
You are frozen.
* * * LOW HITPOINT WARNING * * *
You hit the endoplasm but do no damage.
The endoplasm is severely wounded.
A bat comes into view.
The endoplasm freezes you.
You are frozen.
You die...

#....†....# #.........#
**###### #............
,##.....###.........#..,
* * ,
........###....##### .
*, , .........#.>.#.# .
,, ,
...........###.##... , ,
........)#)###....# ,
.....†...w.J@...#* , *
,.........#.###.##** ,
,............. ,.., ** ,
...........### *#..
#......##### * .# * *
#.##.##* # * * .. .. * ,
, ,


You could see a dart slug and an endoplasm.

Vanquished Creatures
  A gnoll (D:1)
  A dart slug (D:1)
  2 ball pythons (D:1)
  3 endoplasms (D:1)
  2 giant cockroaches (D:1)
  2 goblins (D:1)
  5 hobgoblins (D:1)
  A quokka (D:1)
  A bat (D:1)
  A frilled lizard (D:1)
  2 kobolds (D:1)
  A rat (D:1)
22 creatures vanquished.

Notes
Turn   | Place    | Note
-------+----------+-------------------------------------------
     0 | D:1      | mattiecakes the Meteoran Cinder Acolyte began the quest for
                  | the Orb.
     0 | D:1      | Reached XP level 1. HP: 19/19 MP: 3/3
    91 | D:1      | Reached skill level 4 in Polearms
    91 | D:1      | Reached XP level 2. HP: 3/26 MP: 5/5
   467 | D:1      | Reached XP level 3. HP: 31/31 MP: 6/6
   501 | D:1      | Glimpsed the power of Zot.
   553 | D:1      | Glimpsed the power of Zot.
   556 | D:1      | Reached skill level 5 in Polearms
   593 | D:1      | Glimpsed the power of Zot.
   603 | D:1      | Touched by the power of Zot.
   647 | D:1      | Frozen to death by an endoplasm

Illustrated notes

Levels and vault maps discovered:
D:1:      sevenhm_arrival_forest_fort_small_4, layout_rooms

Skill      XL: |  1  2  3 |
---------------+----------+-----
Polearms       | 4 5 |  5.3
Fighting       | |  3.2
Spellcasting   | |  1.3
Fire Magic     | |  3.6

Action                   || total
-------------------------++-------
Melee: Spear             ||    71
       Punch             ||     2
Armor: Robe              ||     8
Dodge: Dodged            ||    22

Table legend: (Time is in decaauts)
 A = Elapsed time spent in this place.
 B = Non-inter-level travel time spent in this place.
 C = Inter-level travel time spent in this place.
 D = Time resting spent in this place.
 E = Time spent auto-exploring this place.
 F = Levels seen in this place.
 G = Mean time per level.
                   A        B        C        D        E       F      G
               +--------+--------+--------+--------+--------+-----+--------+
         Total |    642 |    642 |      0 |    294 |    236 |   1 |  642.0 |
       Dungeon |    642 |    642 |      0 |    294 |    236 |   1 |  642.0 |
               +--------+--------+--------+--------+--------+-----+--------+

Top non-repeatable levels by time:
     D:1: 642 daAuts
